 Dungeon Crawl Stone Soup version 0.32-a0-411-g744942f433 (webtiles) character file.

Game seed: 403947705459384925

3208 Pooter the Cleaver (level 9, 0/71 (78) HPs)
             Began as a Mountain Dwarf Fighter on Feb 20, 2024.
             Was a Follower of Beogh.
             Slain by a wight
             ... wielding a +3 dagger
              (5 damage)
             ... on level 7 of the Dungeon on Feb 21, 2024.
             The game lasted 00:32:04 (6593 turns).

Pooter the Cleaver (Mountain Dwarf Fighter)         Turns: 6593, Time: 00:32:05

HP:   0/71 (78)     AC: 16    Str: 21    XL:     9   Next: 65%
MP:   14/14         EV:  5    Int:  9    God:    Beogh [*.....]
Gold: 296           SH:  4    Dex: 11    Spells: 15/15 levels left

rFire   . . .        a - +9 short sword "Nyom" {vamp, +Blink SInv}
rCold   . . .        c - +0 buckler
rNeg    . . .        q - +0 plate armour
rPois   +            y - +0 helmet
rElec   .            (no cloak)
rCorr   .            u - +0 pair of gloves
SInv    +            x - +2 pair of boots {Fly}
Will    .....        (no amulet) Stlth
                     P - ring of poison resistance
HPRegen 0.31/turn    (no ring)
MPRegen 0.14/turn

%: no passive effects
@: mighty, flying, drained
A: runic magic, artefact enchanting
a: Renounce Religion, Evoke Blink


You were on level 7 of the Dungeon.
You worshipped Beogh.
Beogh was aware of your devotion.
You visited 1 branch of the dungeon, and saw 7 of its levels.

You collected 296 gold pieces.

Inventory:

Hand Weapons
 a - the +9 short sword "Nyom" (weapon) {vamp, +Blink SInv}
   (You found it on level 6 of the Dungeon)

   SInv:      It lets you see invisible.
   +Blink:    It lets you blink.
 b - a +0 sling
   (You found it on level 1 of the Dungeon)
 i - a +0 orcbow
   (You took it off an orc on level 5 of the Dungeon)
 B - a +2 heavy hand axe
   (You found it on level 2 of the Dungeon)
 C - a +0 trident
   (You took it off an orc warrior on level 6 of the Dungeon)
 E - a +0 broad axe
   (You found it on level 6 of the Dungeon)
Missiles
 h - 8 poisoned darts
 o - 6 boomerangs (quivered)
 Q - 34 stones
Armour
 c - a +0 buckler (worn)
 q - a +0 plate armour (worn)
   (You took it off an orc warrior on level 6 of the Dungeon)
 u - a +0 pair of gloves (worn)
   (You found it on level 2 of the Dungeon)
 x - a +2 pair of boots of flying (worn)
   (You found it on level 4 of the Dungeon)
 y - a +0 helmet (worn)
   (You found it on level 4 of the Dungeon)
Magical Staves
 e - a staff of conjuration {!a}
   (You found it on level 1 of the Dungeon)
Jewellery
 n - a ring of fire
   (You found it on level 2 of the Dungeon)
 P - a ring of poison resistance (left hand)
   (You took it off a kobold on level 1 of the Dungeon)
Wands
 v - a wand of roots (6)
   (You found it on level 6 of the Dungeon)
Scrolls
 d - 2 scrolls of butterflies {unknown}
 f - a scroll of vulnerability {!r}
 j - a scroll of enchant armour {unknown}
 k - a scroll of fog {unknown}
 m - a scroll of noise {!r}
 r - 2 scrolls of amnesia
 s - 2 scrolls of poison {unknown}
 t - a scroll of teleportation {@r4}
Potions
 g - 2 potions of curing {unknown}
 l - a potion of attraction {unknown}
 p - a potion of mutation {unknown}
 w - 2 potions of degeneration {unknown}
 z - 2 potions of ambrosia {unknown}
 A - a potion of brilliance {unknown}


   Skills:
 + Level 6.9 Fighting
 * Level 2.8 Short Blades
 - Level 9.1 Axes
 + Level 6.0 Ranged Weapons
 - Level 3.2 Armour
 - Level 3.2 Shields
 - Level 3.7 Spellcasting
 + Level 3.7 Invocations


You had 15 spell levels left.
You didn't know any spells.
Your spell library contained the following spells:

 Spells                   Type           Power      Damage    Failure   Level
 Sandblast                Erth           2%         2d4       61%         1
 Shock                    Conj/Air       4%         1d3       61%         1
 Ensorcelled Hibernation  Hex/Ice        2%         N/A       75%         2
 Passwall                 Erth           1%         N/A       93%         3
 Stone Arrow              Conj/Erth      2%         3d7       93%         3
 Swiftness                Air            1%         N/A       93%         3
 Airstrike                Air            0%         2d(1-17)  100%        4
 Brom's Barrelling Bould  Conj/Erth      1%         2d3       100%        4


Dungeon Overview and Level Annotations

Branches:
Dungeon (7/15) Zot: 26936
 Temple: D:4-7

Altars:
Dithmenos
Elyvilon
Gozag
Kikubaaqudgha
Okawaru
The Shining One

Shops:
D:4 [


Innate Abilities, Weirdness & Mutations

Your spellcasting is much less encumbered by armour.
You can use scrolls of enchantment on lesser artefacts.


Message History

You are too injured to fight recklessly!
You puncture the wight! The orc hits you but does no damage.
The wight hits you with a +0 flail.
* * * LOW HITPOINT WARNING * * *
You feel drained.
* * * LOW HITPOINT WARNING * * *
The wight hits you but does no damage.
The wight hits you with a +0 long sword.
* * * LOW HITPOINT WARNING * * *
You feel drained. The wight hits you but does no damage.
You closely miss the wight. The orc hits you but does no damage.
The wight barely misses you. The wight hits you with a +3 dagger.
* * * LOW HITPOINT WARNING * * *
You block the wight's attack. x2
You hit the wight. You block the orc's attack.
The wight hits you but does no damage. The wight hits you with a +3 dagger.
* * * LOW HITPOINT WARNING * * *
The wight hits you but does no damage. The wight barely misses you.
You hit the wight. You block the orc's attack. The wight barely misses you.
The wight closely misses you. You block the wight's attack.
The wight hits you but does no damage.
Unknown command.
You closely miss the wight. The orc hits you but does no damage.
The wight hits you but does no damage. You block the wight's attack.
The wight hits you but does no damage.
The wight hits you with a +0 long sword.
* * * LOW HITPOINT WARNING * * *
You feel drained.
You barely miss the wight.
Unknown command.
You hit the wight.
You destroy the wight!
Beogh accepts your kill. The orc hits you but does no damage.
The wight hits you with a +0 flail!
* * * LOW HITPOINT WARNING * * *
You feel drained. You block the wight's attack. x2
You hit the wight. The orc hits you but does no damage.
The wight hits you but does no damage. The wight hits you with a +3 dagger.
* * * LOW HITPOINT WARNING * * *
The wight hits you with a +0 long sword.
* * * LOW HITPOINT WARNING * * *
You feel drained.
* * * LOW HITPOINT WARNING * * *
You puncture the wight!
You destroy the wight!
Beogh accepts your kill. The orc barely misses you.
The wight hits you but does no damage. x2
The wight attacks as it pursues you! The wight closely misses you.
The wight hits you with a +3 dagger.
You die...

................
...............
.............# .
..............##..
..................
..................
..........)..$....
.......zo.....##..
........@z....#
..........##..#
.......<..# ###
...........#
...........#
...........#
...........#
...........#
...........#


You could see 2 wights and an orc.

Vanquished Creatures
  Eustachio (D:5)
  A water moccasin (D:6)
  3 orc warriors
  4 black bears
  2 ice beasts (D:6)
  An ogre (D:4)
  4 phantoms
  Blork the orc (D:4)
  5 scorpions
  3 wights (D:7)
  A howler monkey (D:5)
  3 bombardier beetles
  A bullfrog zombie (D:4)
  4 orc priests
  A human zombie (D:4)
  A jelly (D:5)
  2 hounds
  Jessica (D:3)
  3 scorpion zombies (D:4)
  A sleepcap (D:6)
  4 iguanas
  7 orc wizards
  2 hound zombies (D:4)
  A hound skeleton (D:4)
  3 gnolls (D:3)
  8 adders
  2 shadow imps
  A white imp (D:6)
  2 ufetubi (D:6)
  An adder zombie (D:4)
  5 dart slugs
  15 orcs
  6 ball pythons
  4 bats
  7 endoplasms
  3 giant cockroaches
  8 goblins
  9 hobgoblins
  4 jackals (D:1)
  5 quokkas
  4 frilled lizards
  13 kobolds
  7 rats
164 creatures vanquished.

Vanquished Creatures (others)
  An orc wizard (D:6)
  An orc (D:6)
2 creatures vanquished.

Grand Total: 166 creatures vanquished

Notes
Turn   | Place    | Note
-------+----------+-------------------------------------------
     0 | D:1      | Pooter the Mountain Dwarf Fighter began the quest for the
                  | Orb.
     0 | D:1      | Reached XP level 1. HP: 19/19 MP: 1/1
   126 | D:1      | Reached skill level 3 in Axes
   126 | D:1      | Reached XP level 2. HP: 21/26 MP: 2/2
   356 | D:1      | Reached XP level 3. HP: 27/33 MP: 4/4
   527 | D:1      | Reached skill level 1 in Spellcasting
  1332 | D:2      | Reached skill level 4 in Axes
  1350 | D:2      | Reached XP level 4. HP: 39/40 MP: 5/5
  1470 | D:2      | Reached skill level 1 in Ranged Weapons
  2108 | D:3      | Reached XP level 5. HP: 37/46 MP: 7/7
  2285 | D:3      | Noticed Jessica
  2292 | D:3      | Killed Jessica
  2405 | D:3      | Found a white marble altar of Elyvilon.
  2410 | D:3      | Reached skill level 5 in Axes
  3122 | D:4      | Reached XP level 6. HP: 42/53 MP: 8/8
  3212 | D:4      | Found a glowing golden altar of the Shining One.
  3290 | D:4      | Found Olem's Antique Armour Emporium.
  3313 | D:4      | Reached skill level 6 in Axes
  3313 | D:4      | Reached XP level 7. HP: 52/60 MP: 10/10
  3519 | D:4      | Noticed Blork the orc
  3538 | D:4      | Killed Blork the orc
  3704 | D:4      | Reached skill level 5 in Fighting
  3739 | D:4      | Reached skill level 7 in Axes
  3762 | D:4      | Reached XP level 8. HP: 63/68 MP: 12/12
  3779 | D:4      | Found an ancient bone altar of Kikubaaqudgha.
  4218 | D:5      | Entered Level 5 of the Dungeon
  4394 | D:5      | Reached skill level 8 in Axes
  4501 | D:5      | Reached skill level 5 in Ranged Weapons
  4503 | D:5      | Became a worshipper of Beogh the Shepherd
  4766 | D:5      | Noticed Eustachio
  4777 | D:5      | Killed Eustachio
  4778 | D:5      | Reached XP level 9. HP: 72/75 MP: 14/14
  4827 | D:5      | Found an iron altar of Okawaru.
  5191 | D:6      | Reached skill level 1 in Invocations
  5235 | D:6      | Found a shadowy altar of Dithmenos.
  5248 | D:6      | Reached skill level 9 in Axes
  5299 | D:6      | Identified the +9 short sword "Nyom" {vamp, +Blink SInv}
  5431 | D:6      | Reached skill level 1 in Short Blades
  5664 | D:6      | Found an opulent altar of Gozag.
  5719 | D:6      | Reached * piety under Beogh
  5871 | D:6      | HP: 1/78 [ice beast (7)]
  6531 | D:7      | Upgraded the game from 0.32-a0-391-gce5c0aab1b to
                  | 0.32-a0-411-g744942f433
  6593 | D:7      | Slain by a wight

Illustrated notes

Levels and vault maps discovered:
D:1:      onia_arrival_mini_spirals, layout_basic
D:2:      layout_basic
D:3:      layout_loops_cross, mainiacjoe_overflow_small_starburst,
          grunt_ministairs_12, uniq_jessica
D:4:      layout_basic, lemuel_mausoleum_altar_kikubaaqudgha,
          lemuel_crystal_altar, serial_shops,
          nicolae_shop_pleasant_corner_grove, uniq_blork_the_orc
D:5:      layout_basic, general_overflow_altar, grunt_decor_arrowhead,
          uniq_eustachio
D:6:      layout_basic, mainiacjoe_overflow_cross_hatched,
          nicolae_gozag_cash_rules_everything_around_me, serial_curves,
          eino_curves_01, eino_curves_02
D:7:      layout_gridville, lemuel_tele_altar, minmay_temple_entry_tees

Skill      XL: |  1  2  3  4  5  6  7  8  9 |
---------------+----------------------------+-----
Axes           | 3 4 5 6 7 8 9 |  9.1
Spellcasting   | 1 2 3 |  3.7
Ranged Weapons | 1 2 3 4 5 6 |  6.0
Fighting       | 4 5 6 |  6.9
Invocations    | 3 |  3.7
Short Blades   | 2 |  2.8
Armour         | |  3.2
Shields        | |  3.2

Action                     |  1- 3 |  4- 6 |  7- 9 || total
---------------------------+-------+-------+-------++-------
  Melee: War axe           |    96 |    20 |       ||   116
         Hand axe          |       |    62 |   193 ||   255
         Short sword       |       |       |   115 ||   115
   Fire: Sling             |    23 |   103 |    21 ||   147
  Throw: Boomerang         |       |     7 |    12 ||    19
         Dart              |       |     4 |     5 ||     9
 Invoke: Convert to Beogh  |       |       |     1 ||     1
    Use: Scroll            |       |     4 |     3 ||     7
         Potion            |       |     1 |     1 ||     2
 Armour: Scale mail        |    66 |    34 |       ||   100
         Chain mail        |       |    74 |   314 ||   388
         Plate armour      |       |       |    43 ||    43
  Dodge: Dodged            |    53 |    49 |   121 ||   223
  Block: Buckler           |    23 |    28 |   102 ||   153

Table legend: (Time is in decaauts)
 A = Elapsed time spent in this place.
 B = Non-inter-level travel time spent in this place.
 C = Inter-level travel time spent in this place.
 D = Time resting spent in this place.
 E = Time spent auto-exploring this place.
 F = Levels seen in this place.
 G = Mean time per level.
                   A        B        C        D        E       F      G
               +--------+--------+--------+--------+--------+-----+--------+
         Total |   6807 |   6604 |    203 |   1139 |   3932 |   7 |  972.4 |
       Dungeon |   6807 |   6604 |    203 |   1139 |   3932 |   7 |  972.4 |
               +--------+--------+--------+--------+--------+-----+--------+

Top non-repeatable levels by time:
     D:6: 1476 daAuts
     D:4: 1318 daAuts
     D:1: 1316 daAuts
     D:3: 975 daAuts
     D:5: 873 daAuts
     D:2: 785 daAuts
     D:7: 62 daAuts
